Map: Radhuset Station LE

Players

Juicypecker - Winner!

  • Race: Protoss Protoss
  • League: Diamond
  • Spawn Location: 7:00

SubN

  • Race: Zerg Zerg
  • League: Diamond
  • Spawn Location: 1:00

VOD

Have the link to the VOD?

Description

Time

  • Played on: Dec. 25, 2023, 3:49 a.m.
  • Length: 22:16
Show
View Real Time Build Order
Export as new Build Order

Juicypecker Protoss - Winner!

Build Orders: Oracle Opening, Carriers 

Get SALT Encoding   

  12  0:01  Probe  
  13  0:13  Probe  
  14  0:18  Pylon  
  14  0:25  Probe (Chrono Boost)  
  15  0:37  Probe (Chrono Boost)  
  15  0:42  Gateway  
  16  0:46  Probe (Chrono Boost)  
  17  0:51  Probe  
  17  0:55  Assimilator  
  18  1:03  Probe  
  19  1:15  Probe  
  20  1:30  Cybernetics Core  
  20  1:32  Probe  
  21  1:46  Nexus  
  21  1:49  Pylon  
  21  1:51  Probe  
  22  2:02  Assimilator  
  22  2:03  Probe  
  22  2:08  Adept (Chrono Boost)  
  25  2:33  Stargate, Probe  
  25  2:37  Adept  
  28  2:45  Warp Gate, Probe  
  29  2:53  Gateway  
  29  2:57  Probe  
  30  3:01  Pylon  
  30  3:09  Probe  
  31  3:17  Probe  
  32  3:21  Probe  
  33  3:29  Probe  
  33  3:33  Probe  
  35  3:37  Oracle (Chrono Boost)  
  35  3:41  Probe  
  39  3:45  Probe  
  40  3:53  Probe, Twilight Council  
  41  3:57  Probe  
  41  4:00  Gateway  
  41  4:01  Gateway  
  42  4:05  Probe  
  47  4:11  Void Ray (Chrono Boost)  
  47  4:24  Probe, Blink (Chrono Boost)  
  48  4:40  Gateway  
  48  4:44  Pylon  
  48  4:48  Probe x2  
  50  5:00  Probe x2  
  52  5:12  Probe  
  52  5:13  Probe  
  54  5:17  Nexus  
  54  5:20  Pylon  
  54  5:21  Assimilator  
  54  5:24  Probe, Assimilator  
  54  5:25  Probe  
  54  5:27  Pylon  
  56  5:29  Assimilator  
  56  5:31  Pylon, Robotics Facility  
  56  5:32  Pylon  
  56  5:34  Assimilator  
  56  5:36  Pylon, Probe (Chrono Boost)  
  56  5:37  Probe (Chrono Boost)  
  58  5:49  Probe x2 (Chrono Boost)  
  60  5:58  Probe (Chrono Boost)  
  61  6:07  Charge (Chrono Boost)  
  61  6:18  Stalker x4  
  65  6:19  Stalker  
  71  6:38  Probe x2  
  71  6:39  Probe  
  74  6:46  Stalker x5  
  84  6:50  Probe  
  84  6:51  Probe x2  
  87  7:02  Probe  
  87  7:03  Probe x2  
  90  7:14  Probe  
  90  7:15  Probe x2  
  93  7:26  Probe  
  93  7:27  Probe x2  
  96  7:38  Probe  
  96  7:39  Probe x2  
  99  7:45  Stalker x5  
  99  7:50  Probe  
  110  7:51  Probe x2  
  112  8:03  Probe x3  
  115  8:07  Nexus  
  115  8:10  Pylon  
  115  8:14  Assimilator  
  115  8:16  Assimilator  
  115  8:18  Robotics Facility  
  115  8:19  Pylon, Robotics Facility  
  115  8:22  Templar Archives  
  115  8:25  Forge  
  115  8:27  Forge  
  115  8:34  Gateway  
  115  8:35  Gateway  
  115  8:36  Gateway  
  115  8:46  Pylon  
  105  8:55  Stalker  
  105  8:56  Stalker x3  
  105  8:57  Stalker  
  107  9:33  Probe  
  107  9:34  Probe x3  
  111  9:45  Probe  
  111  9:46  Probe x3  
  111  9:48  Photon Cannon  
  111  9:49  Photon Cannon  
  111  9:52  Photon Cannon  
  115  9:53  Photon Cannon  
  115  9:55  Gateway  
  115  9:58  Protoss Ground Armor Level 1 (Chrono Boost), Protoss Ground Weapons Level 1 (Chrono Boost), Gateway, Probe x4  
  119  10:00  Gateway  
  119  10:01  Immortal x2  
  119  10:02  Immortal  
  119  10:05  Gateway  
  131  10:10  Probe x4  
  131  10:14  Gateway  
  135  10:15  Gateway  
  135  10:21  Gateway  
  135  10:22  Probe x4  
  135  10:23  High Templar x6  
  135  10:24  High Templar x2  
  135  10:26  Pylon  
  135  10:27  Archon x2  
  135  10:28  Archon x2  
  155  10:29  Pylon  
  155  10:44  Immortal  
  155  10:47  Nexus  
  155  10:49  Pylon  
  155  10:51  Pylon  
  155  10:54  Assimilator  
  155  10:56  Assimilator  
  151  11:00  Pylon  
  151  11:01  Zealot x7  
  151  11:02  Zealot x5  
  172  11:09  Immortal x2  
  160  11:22  Zealot x7  
  160  11:23  Zealot x8  
  170  11:29  Probe  
  171  11:40  Probe  
  172  11:48  Gateway  
  172  11:49  Gateway  
  172  11:51  Gateway x2  
  172  11:52  Photon Cannon  
  172  11:57  Immortal x3  
  172  11:58  Protoss Ground Weapons Level 2 (Chrono Boost)  
  172  11:59  Protoss Ground Armor Level 2 (Chrono Boost)  
  184  12:08  High Templar x2  
  184  12:09  High Templar x6  
  184  12:13  Archon x3  
  184  12:14  Archon  
  200  12:26  Stargate  
  200  12:28  Stargate  
  200  12:30  Stargate  
  200  12:33  Stargate  
  184  12:40  Fleet Beacon  
  182  13:13  Nexus  
  182  13:15  Gateway  
  182  13:17  Gateway  
  182  13:18  Photon Cannon  
  182  13:19  Photon Cannon  
  183  13:23  Observer  
  129  14:04  Carrier x3  
  129  14:05  Carrier x2  
  129  14:07  Stalker x4  
  129  14:08  Stalker x6  
  129  14:09  Stalker x3  
  181  14:10  Stalker x3  
  181  14:11  Stalker x3  
  177  14:32  Probe  
  177  14:33  Probe x2  
  172  14:48  Stalker x4  
  172  14:49  Stalker x7  
  172  14:50  Stalker x3  
  200  15:19  Protoss Ground Weapons Level 3 (Chrono Boost), Protoss Ground Armor Level 3 (Chrono Boost)  
  200  15:41  Protoss Air Weapons Level 1, Robotics Bay  
  148  16:05  Carrier  
  148  16:06  Carrier x4  
  168  16:17  Stalker x2  
  168  16:18  Stalker x4  
  180  16:59  Stalker x3  
  180  17:00  Stalker x7  
  200  17:05  Colossus  
  200  17:15  Colossus x2  
  186  17:20  Probe x2  
  186  17:21  Probe  
  175  17:44  Protoss Air Armor Level 1 (Chrono Boost)  
  169  18:06  Zealot x2  
  169  18:07  Zealot x7  
  169  18:09  Zealot  
  175  18:19  Zealot x3  
  165  18:20  Zealot x8  
  181  18:32  Extended Thermal Lance (Chrono Boost)  
  181  18:38  Probe  
  180  18:55  High Templar x2  
  180  18:56  High Templar x8  
  180  18:59  Pylon, Nexus  
  180  19:00  Archon x4  
  180  19:01  Archon  
  180  19:02  Assimilator x2  
  200  19:09  Pylon  
  200  19:20  Protoss Shields Level 1 (Chrono Boost)  
  182  19:42  Protoss Air Weapons Level 2  
  146  19:59  Colossus x3  
  130  20:03  Zealot x3  
  130  20:04  Zealot x11  
  130  20:05  Gravitic Boosters, Zealot x5  
  130  20:06  Zealot  
  172  20:17  Zealot  
  174  20:24  Carrier x2  
  170  20:35  Zealot  
  170  20:36  Zealot x4  
  150  20:53  Colossus  
  150  20:54  High Templar  
  150  20:55  High Templar x5  
  164  21:01  Archon  
  164  21:02  Archon x2  
  158  21:04  Zealot x6  
  158  21:05  Zealot x2  
  174  21:16  High Templar  
  174  21:17  High Templar  
  174  21:18  Zealot x5  
  188  21:32  Probe  
  189  21:44  Nexus  
  189  21:46  Pylon  
  189  21:48  Stalker  
  191  22:08  Archon  
Show
View Real Time Build Order
Export as new Build Order

SubN Zerg 

Build Orders: Hatch First 

Get SALT Encoding   

  12  0:00  Drone  
  13  0:12  Overlord  
  13  0:21  Drone  
  14  0:30  Drone x2  
  16  0:50  Hatchery  
  15  0:58  Drone  
  15  0:59  Drone x2  
  15  1:03  Extractor  
  17  1:16  Spawning Pool  
  16  1:21  Drone  
  16  1:23  Drone  
  18  1:31  Drone  
  19  1:42  Drone  
  20  1:52  Overlord  
  20  2:04  Queen x2  
  24  2:09  Metabolic Boost  
  24  2:18  Drone x3  
  27  2:24  Zergling x4  
  29  2:30  Drone  
  29  2:34  Drone  
  31  2:41  Queen  
  33  2:44  Queen  
  33  2:46  Drone  
  33  2:50  Overlord  
  36  2:55  Overlord  
  36  3:11  Zergling x4  
  36  3:36  Drone x8  
  36  3:41  Hatchery  
  43  3:43  Drone  
  43  3:45  Drone x2  
  46  3:54  Drone x3  
  49  3:57  Extractor  
  48  4:12  Drone x2  
  48  4:13  Drone, Roach Warren  
  48  4:16  Extractor  
  49  4:19  Drone x2  
  49  4:20  Drone  
  52  4:33  Overlord  
  52  4:34  Baneling Nest  
  52  4:38  Overlord  
  51  4:43  Overlord x2  
  51  4:44  Overlord  
  51  4:50  Extractor, Queen  
  46  5:04  Spore Crawler  
  45  5:07  Spore Crawler  
  45  5:10  Drone x2, Spore Crawler  
  45  5:11  Drone x3  
  45  5:12  Drone x3  
  45  5:13  Drone x5  
  56  5:17  Queen  
  58  5:21  Lair  
  58  5:29  Drone x3  
  58  5:30  Drone x3  
  65  5:42  Drone  
  65  5:43  Drone x2  
  65  5:48  Evolution Chamber  
  65  5:49  Evolution Chamber  
  65  5:52  Drone x5  
  65  5:55  Extractor  
  69  5:57  Extractor  
  68  6:08  Overlord x2  
  68  6:09  Overlord  
  68  6:15  Drone x3  
  68  6:16  Drone x3  
  74  6:19  Overlord  
  74  6:20  Overlord x2  
  74  6:21  Overseer, Overlord  
  74  6:22  Overseer  
  74  6:25  Zerg Missile Weapons Level 1  
  74  6:26  Zerg Melee Weapons Level 1  
  74  6:27  Glial Reconstitution  
  74  6:30  Centrifugal Hooks  
  74  6:36  Pneumatized Carapace  
  74  6:37  Overseer  
  74  6:40  Overlord  
  74  6:48  Drone x3  
  74  6:50  Drone  
  78  7:02  Roach  
  78  7:03  Roach x9  
  98  7:09  Roach  
  100  7:19  Spore Crawler  
  100  7:20  Zergling x10  
  104  7:31  Ravager x3  
  104  7:33  Roach x7  
  121  7:47  Hatchery  
  118  8:16  Overlord x5  
  118  8:17  Overlord  
  118  8:24  Zerg Melee Weapons Level 2, Zerg Missile Weapons Level 2  
  118  8:29  Overlord x2  
  118  8:30  Spore Crawler  
  117  8:36  Drone x10  
  114  9:06  Roach x4  
  114  9:07  Roach x8  
  126  9:14  Queen  
  126  9:15  Drone x2  
  126  9:16  Drone x6  
  133  9:18  Extractor  
  133  9:19  Extractor  
  133  9:21  Roach x3  
  131  9:28  Ravager  
  131  9:29  Ravager x4  
  131  9:32  Ravager x3  
  131  9:34  Zergling x10  
  139  9:45  Overseer  
  139  9:49  Queen  
  141  9:56  Infestation Pit  
  141  9:59  Hatchery  
  139  10:01  Zergling x2  
  139  10:02  Zergling x6  
  139  10:04  Roach  
  139  10:05  Roach x11  
  167  10:07  Ravager x7  
  174  10:20  Drone x3  
  174  10:21  Drone x3  
  180  10:37  Infestor x2  
  180  10:41  Zerg Ground Armor Level 1  
  121  11:26  Zergling x2  
  121  11:27  Zergling x42  
  121  11:28  Zergling x8  
  121  11:30  Queen  
  146  11:39  Hive  
  141  11:40  Infestor x3  
  141  11:41  Infestor  
  149  11:48  Baneling  
  149  11:49  Baneling x13  
  149  11:58  Extractor  
  148  12:02  Overlord  
  148  12:03  Overlord  
  148  12:10  Zergling x10  
  148  12:14  Roach x5  
  148  12:15  Roach x5  
  173  12:21  Drone x3  
  176  12:23  Drone x3  
  176  12:25  Extractor  
  166  12:43  Zergling x8  
  166  12:44  Zergling x14  
  152  12:45  Ravager  
  152  12:46  Ravager x7  
  154  13:02  Hydralisk Den  
  153  13:08  Roach x8  
  169  13:15  Baneling  
  169  13:16  Baneling x9  
  169  13:17  Zergling x22  
  169  13:18  Zergling x12  
  123  14:01  Zergling x2, Roach  
  123  14:02  Zergling x44  
  136  14:03  Zergling x12  
  136  14:09  Zerg Melee Weapons Level 3  
  131  14:11  Adrenal Glands  
  131  14:13  Zerg Ground Armor Level 2  
  129  14:31  Drone x8  
  132  14:33  Infestor x4  
  132  14:34  Infestor  
  132  14:37  Roach  
  132  14:38  Roach x10  
  164  15:04  Roach  
  164  15:05  Hydralisk x3, Roach x10  
  188  15:10  Overlord x4  
  188  15:13  Baneling x7  
  188  15:14  Baneling x4  
  188  15:17  Hatchery  
  188  15:18  Extractor, Queen  
  188  15:20  Extractor, Queen  
  189  15:28  Queen  
  189  15:29  Roach x4  
  153  16:09  Hydralisk  
  153  16:10  Hydralisk x23  
  153  16:11  Hydralisk x3  
  181  16:14  Muscular Augments  
  175  16:26  Hydralisk  
  175  16:27  Hydralisk x8  
  186  16:44  Zergling x8  
  186  16:45  Zergling x20  
  186  16:46  Zerg Missile Weapons Level 3  
  189  16:48  Zerg Ground Armor Level 3  
  189  16:51  Queen  
  184  17:00  Overseer  
  165  17:18  Grooved Spines  
  165  17:26  Zergling x2  
  165  17:27  Zergling x32  
  165  17:28  Zergling x18  
  175  17:54  Hydralisk  
  175  17:55  Hydralisk x15  
  193  18:00  Hatchery  
  146  18:20  Infestor x3  
  146  18:22  Hydralisk x2  
  146  18:23  Hydralisk x8  
  146  18:24  Hydralisk x3  
  159  19:01  Spore Crawler  
  159  19:02  Spore Crawler x2  
  156  19:10  Infestor x3  
  162  19:21  Hydralisk  
  162  19:22  Hydralisk x10  
  184  19:25  Hydralisk, Lurker Den  
  100  20:03  Hydralisk  
  100  20:04  Hydralisk x10  
  100  20:06  Zergling x2  
  119  20:07  Zergling x34  
  119  20:08  Zergling x8  
  140  20:16  Drone x2  
  72  20:59  Queen  
  72  21:02  Hatchery  
  73  21:16  Seismic Spines  
  73  21:22  Hatchery  
  72  21:51  Hydralisk  
  72  21:52  Hydralisk  
Tags
 
Add a new tag
Caveats
  • Supply blocks, unpowered buildings, or Contaminate may cause inaccurate times.
  • Supply counts are checked every 10 seconds.